 Dungeon Crawl Stone Soup version 0.31-a0-1010-g5322dac6a2 (webtiles) character file.

Game seed: 14311129094797772894

51 protoss039 the Digger (level 3, -1/27 HPs)
             Began as a Demonspawn Earth Elementalist on Nov 16, 2023.
             Slain by a goblin
             ... wielding a +0 club
             ... led by Robin
              (4 damage)
             ... on level 2 of the Dungeon.
             The game lasted 00:01:10 (794 turns).

protoss039 the Digger (DsEE)                         Turns: 794, Time: 00:01:11

Health: -1/27      AC:  5    Str:  8    XL:     3   Next: 57%
Magic:  6/6        EV: 10    Int: 18    God:
Gold:   51         SH:  0    Dex: 13    Spells: 6/7 levels left

rFire   . . .        a - +0 dagger (elec)
rCold   . . .        (no shield)
rNeg    . . .        f - +0 ring mail
rPois   .            (no helmet)
rElec   .            (no cloak)
rCorr   .            (no gloves)
SInv    .            (no boots)
Will    .....        (no amulet)
Stlth   +            (no ring)
HPRegen 0.24/turn    (no ring)
MPRegen 0.10/turn

%: no passive effects
@: no status effects
A: demonic guardian 1
a: no special abilities


You were on level 2 of the Dungeon.
You visited 1 branch of the dungeon, and saw 2 of its levels.

You collected 51 gold pieces.

Inventory:

Hand Weapons
 a - a +0 dagger of electrocution (weapon)
Armour
 f - a +0 ring mail (worn)
Magical Staves
 c - a staff of air
Scrolls
 d - 2 scrolls of identify {unknown}
 e - a scroll of immolation {unknown}
Potions
 b - a potion of magic


   Skills:
 + Level 1.7 Fighting
 - Level 1.7 Dodging
 - Level 1.7 Stealth
 + Level 2.6 Spellcasting
 - Level 0.8 Transmutations
 + Level 3.2 Earth Magic


You had 6 spell levels left.
You knew the following spells:

 Your Spells              Type           Power      Damage    Failure   Level
a - Sandblast             Erth           28%        2d8       14%         1

Your spell library contained the following spells:

 Spells                   Type           Power      Damage    Failure   Level
 Passwall                 Tmut/Erth      7%         N/A       34%         2
 Stone Arrow              Conj/Erth      16%        3d8       63%         3
 Petrify                  Tmut/Erth      9%         N/A       92%         4
 Brom's Barrelling Bould  Conj/Erth      8%         2d3       95%         4


Dungeon Overview and Level Annotations

Branches:
Dungeon (2/15) Zot: 11191

Altars:

Annotations:
D:2 Robin


Innate Abilities, Weirdness & Mutations

A weak demonic guardian rushes to your aid.


Message History

The goblin barely misses your white imp.
Robin hits your white imp with a +0 club.
Your white imp dies!
Your white imp disappears in a puff of smoke!
Robin shouts!
You barely miss the goblin. The goblin hits you with a +0 club.
You hit the goblin.
The goblin is moderately wounded.
Robin throws the goblin at you! The goblin hits you but does no damage.
A rat comes into view.
The goblin attacks as it pursues you! The goblin hits you with a +0 club.
* * * LOW HITPOINT WARNING * * *
A demonic guardian appears!
The goblin hits your shadow imp but does no damage.
The goblin attacks as it pursues you! The goblin hits you but does no damage.
Your shadow imp barely misses the goblin.
The goblin attacks as it pursues you! The goblin hits you with a +0 club.
* * * LOW HITPOINT WARNING * * *
A quokka comes into view.
Your shadow imp barely misses the goblin.
The goblin no longer looks unusually strong. x2
The hobgoblin hits your shadow imp.
The goblin hits your shadow imp with a +0 dagger.
The goblin attacks as it pursues you! The goblin barely misses you.
Your shadow imp hits the goblin.
Things that are here:
a +0 whip; a kobold corpse
Okay, then.
The goblin no longer looks unusually strong. x2
The hobgoblin closely misses your shadow imp.
The goblin attacks as it pursues you! The goblin hits you with a +0 club.
* * * LOW HITPOINT WARNING * * *
Your shadow imp closely misses the goblin.
The goblin no longer looks unusually strong.
There is a stone staircase leading up here.
Unknown command.
The hobgoblin barely misses your shadow imp.
The goblin barely misses you. The goblin hits you with a +0 club.
You die...

######### #.......#
#..@†...# #.gg....#
###.gg....#
##..gg††...#
#..........#
####....5g....#
#####....r#ggr....#
........#.#.......#
.)..$...............


You could see Robin, a quokka, a hobgoblin (strong), 7 goblins, a rat and a
friendly shadow imp (summoned).

Vanquished Creatures
  2 adders (D:2)
  A worm (D:2)
  3 ball pythons
  2 endoplasms (D:1)
  2 giant cockroaches (D:1)
  A goblin (D:1)
  2 hobgoblins (D:1)
  2 kobolds
  A quokka (D:1)
  4 frilled lizards
  2 rats (D:1)
22 creatures vanquished.

Vanquished Creatures (collateral kills)
  3 goblins (D:2)
  A hobgoblin (D:2)
  A quokka (D:1)
5 creatures vanquished.

Grand Total: 27 creatures vanquished

Notes
Turn   | Place    | Note
-------+----------+-------------------------------------------
     0 | D:1      | protoss039 the Demonspawn Earth Elementalist began the
                  | quest for the Orb.
     0 | D:1      | Reached XP level 1. HP: 13/13 MP: 3/3
   226 | D:1      | Gained mutation: A weak demonic guardian rushes to your
                  | aid. [demonic ancestry]
   226 | D:1      | Reached XP level 2. HP: 20/20 MP: 1/5
   335 | D:1      | Reached skill level 1 in Fighting
   410 | D:1      | Reached skill level 3 in Earth Magic
   649 | D:2      | Reached XP level 3. HP: 18/26 MP: 6/6
   771 | D:2      | Noticed Robin
   794 | D:2      | Slain by a goblin

Illustrated notes

Levels and vault maps discovered:
D:1:      amcnicky_arrival_flooded_fountain, layout_rooms,
          corexii_hall_statues_i
D:2:      minmay_roachtagon, layout_rooms, kennysheep_generic_room_4, uniq_robin

Skill      XL: |  1  2 |
---------------+-------+-----
Fighting       | 1 |  1.7
Earth Magic    | 3 |  3.2
Dodging        | |  1.7
Stealth        | |  1.7
Spellcasting   | |  2.6
Transmutations | |  0.8

Action                     || total
---------------------------++-------
  Melee: Staff             ||    30
         Dagger            ||    30
   Cast: Sandblast         ||    15
   Stab: Sleeping          ||     1
 Armour: Robe              ||     8
         Ring mail         ||    52
  Dodge: Dodged            ||    42

Table legend: (Time is in decaauts)
 A = Elapsed time spent in this place.
 B = Non-inter-level travel time spent in this place.
 C = Inter-level travel time spent in this place.
 D = Time resting spent in this place.
 E = Time spent auto-exploring this place.
 F = Levels seen in this place.
 G = Mean time per level.
                   A        B        C        D        E       F      G
               +--------+--------+--------+--------+--------+-----+--------+
         Total |    807 |    759 |     48 |     94 |    469 |   2 |  403.5 |
       Dungeon |    807 |    759 |     48 |     94 |    469 |   2 |  403.5 |
               +--------+--------+--------+--------+--------+-----+--------+

Top non-repeatable levels by time:
     D:1: 748 daAuts
     D:2: 59 daAuts
